 Dungeon Crawl Stone Soup version 0.23.0-3-gf3c87f2 (webtiles) character file.

Game seed: 10385956547418511100

4944 xccam the Grappler (level 10, -9/100 HPs)
             Began as a Troll Monk on Feb 23, 2019.
             Mangled by a raiju (10 damage)
             ... on level 1 of the Abyss.
             The game lasted 00:12:52 (5231 turns).

xccam the Grappler (Troll Monk)                     Turns: 5231, Time: 00:12:53

Health: -9/100     AC: -3    Str: 23    XL:     10   Next: 28%
Magic:  8/8        EV: 12    Int:  6    God:
Gold:   346        SH:  0    Dex:  9    Spells: 9/9 levels left

rFire    . . .     SeeInvis .     - Unarmed
rCold    . . .     Gourm    +   (no shield)
rNeg     . . .     Faith    .   a - +0 robe
rPois    +         Spirit   .   (helmet restricted)
rElec    .         Reflect  .   (no cloak)
rCorr    .         Harm     .   (gloves unavailable)
MR       .....     Rnd*Rage +   (boots unavailable)
Stlth    +.........             (no amulet)
HPRegen  0.00/turn              p - ring of poison resistance
MPRegen  0.11/turn              (no ring)

@: corroded, very slightly contaminated, non-regenerating, diseased, invisible
A: large, unfitting armour, claws 3, [berserk 2], [clumsy 2], [deformed body],
fast metabolism 3, gourmand, [low mp 1], regeneration 1, shaggy fur 1, tough
skin 3
a: no special abilities


You were on level 1 of the Abyss.
You were not hungry.

You visited 2 branches of the dungeon, and saw 8 of its levels.
You visited the Abyss 1 time.
You also visited: Ossuary.

You collected 346 gold pieces.

Inventory:

Missiles
 s - 6 large rocks (quivered)
Armour
 a - a +0 robe (worn)
Jewellery
 p - a ring of poison resistance (left claw)
Wands
 e - a wand of paralysis (17)
Scrolls
 f - 6 scrolls of remove curse
 h - 2 scrolls of enchant weapon
 i - a scroll of amnesia
 j - a scroll of holy word {unknown}
 o - 2 scrolls of fear {unknown}
 r - 2 scrolls of magic mapping {unknown}
 t - a scroll of immolation {unknown}
 u - a scroll of blinking {unknown}
 v - 7 scrolls of identify
 w - a scroll of fog {unknown}
 y - a scroll of enchant armour {unknown}
Potions
 c - 4 potions of curing
 d - a potion of mutation
 g - 2 potions of brilliance
 k - a potion of invisibility
 l - a potion of lignification
 q - 3 potions of cancellation
Comestibles
 b - 15 rations


   Skills:
 + Level 6.7 Fighting
 - Level 4.8 Throwing
 + Level 6.7 Dodging
 - Level 1.0 Stealth
 + Level 10.0 Unarmed Combat


You had 9 spell levels left.
You didn't know any spells.
Your spell library contained the following spells:

 Spells                   Type           Power        Failure   Level  Hunger
 Confusing Touch          Hex            #.....       45%         1    ##.....
 Flame Tongue             Conj/Fire      #....        45%         1    ##.....
 Throw Flame              Conj/Fire      #.....       58%         2    ###....
 Confuse                  Hex            #.......     83%         3    ####...
 Conjure Flame            Conj/Fire      #.......     83%         3    ####...
 Gell's Gravitas          Tloc           #.........   83%         3    ####...
 Inner Flame              Hex/Fire       #.......     83%         3    ####...
 Petrify                  Tmut/Erth      #.......     99%         4    #####..
 Sticky Flame             Conj/Fire      #.......     99%         4    #####..
 Fireball                 Conj/Fire      #.........   100%        5    ######.
 Metabolic Englaciation   Hex/Ice        #.........   100%        5    ######.
 Yara's Violent Unravell  Hex/Tmut       #.........   100%        5    ######.


Dungeon Overview and Level Annotations

Branches:
Dungeon (7/15)             Temple (1/1) D:5

Altars:
Ashenzari
Cheibriados
Dithmenos
Elyvilon
Fedhas
Gozag
Hepliaklqana
Kikubaaqudgha
Makhleb
Nemelex Xobeh
Qazlal
Ru
Sif Muna
Trog
Uskayaw
Vehumet
Wu Jian
Xom
Yredelemnul
Zin
The Shining One

Shops:
D:7 (


Innate Abilities, Weirdness & Mutations

You are too large for most types of armour.
You have claws for hands.
Your metabolism is lightning-fast.
You like to eat raw meat.
Your natural rate of healing is unusually fast.
You are covered in fur. (AC +1)
You have extremely tough skin. (AC +3)
[You often lose your temper in combat.]
[You are very clumsy. (Dex -4)]
[Armour fits poorly on your strangely shaped body.]
[Your magical capacity is low. (-10% MP)]


Message History

The raiju bursts into living lightning!
The living lightning misses you.
The living lightning hits the raiju.
The raiju completely resists.
The raiju blinks!
The rust devil hits you!
* * * LOW HITPOINT WARNING * * *
The rust devil corrodes you! The chaos spawn gores you.
* * * LOW HITPOINT WARNING * * *
You are very lightly contaminated with residual magic.
The raiju barks!
The raiju bursts into living lightning!
The living lightning hits the rust devil.
The rust devil resists.
The living lightning misses you.
The raiju blinks!
The raiju bursts into living lightning!
The living lightning hits the raiju.
The raiju completely resists.
The living lightning hits you!
* * * LOW HITPOINT WARNING * * *
The living lightning misses you.
The living lightning hits the raiju.
The raiju completely resists.
The raiju blinks!
The rust devil barely misses you.
You feel ill. The raiju bites you!
You die...

###..#h.##....#.
.# .
x#..§##.#.#.....#
.# ##.x...#.#...
##...#...h.....#
#.#.####....##..
#..# ##h...$.. .
##. ##4x#.#..##.
.###h.h§.#.## .
#h@##4.## #
#.#####.# .. ...
#.. ..## #. ### #


You could see an ancient zyme, a rust devil and 5 raiju.

Vanquished Creatures
  2 starcursed masses (Abyss:1)
  Pikel (D:4)
  The ghost of xccam the Chopper, an amateur FoGl (D:4)
  Sigmund (D:6)
  A vampire (Abyss:1)
  2 small abominations (Abyss:1)
  A wraith (Ossuary)
  Eustachio (D:5)
  A hungry ghost (D:6)
  A neqoxec (Abyss:1)
  An orc warrior (D:7)
  A sky beast (D:7)
  2 ice beasts
  2 ogres
  A phantom (D:6)
  3 centaurs
  An elf zombie (Ossuary)
  A bullfrog (D:7)
  2 scorpions
  2 electric eels (D:6)
  2 howler monkeys (D:5)
  2 crimson imps
  A centaur zombie (D:4)
  A bullfrog zombie (D:5)
  2 hounds
  2 jellies
  3 bullfrog skeletons
  4 orc wizards
  An iguana (D:4)
  Ijyb (D:4)
  6 worker ants
  A hound zombie (D:6)
  3 mummies (Ossuary)
  4 gnolls (D:6)
  7 adders
  3 shadow imps (D:6)
  2 oozes (D:5)
  An adder zombie (D:7)
  2 adder skeletons
  4 worms
  A leopard gecko (D:5)
  9 orcs
  3 ball pythons
  9 giant cockroaches
  8 goblins
  7 hobgoblins
  9 jackals
  11 kobolds
  3 quokkas
  5 bats
  4 frilled lizards
  A giant cockroach zombie (D:5)
  2 goblin zombies (Ossuary)
  2 hobgoblin zombies (Ossuary)
  3 kobold zombies (Ossuary)
  10 rats
167 creatures vanquished.

Notes
Turn   | Place    | Note
-------+----------+-------------------------------------------
     0 | D:1      | xccam the Troll Monk began the quest for the Orb.
     0 | D:1      | Reached XP level 1. HP: 22/22 MP: 0/0
   143 | D:1      | Reached XP level 2. HP: 29/29 MP: 1/1
   528 | D:1      | Reached skill level 4 in Unarmed Combat
   743 | D:2      | Reached XP level 3. HP: 33/36 MP: 2/2
   818 | D:2      | Found an ornate altar of the Wu Jian Council.
   818 | D:2      | Found a glowing golden altar of the Shining One.
  1149 | D:2      | Reached XP level 4. HP: 25/44 MP: 3/3
  1275 | D:3      | Reached skill level 5 in Unarmed Combat
  1847 | D:4      | Noticed an ice beast
  1851 | D:4      | Reached XP level 5. HP: 48/50 MP: 4/4
  1858 | D:4      | Killed an ice beast
  1858 | D:4      | Reached skill level 6 in Unarmed Combat
  1907 | D:4      | Noticed a slave
  1907 | D:4      | Noticed a slave
  1907 | D:4      | Noticed a slave
  1908 | D:4      | Noticed Pikel
  1909 | D:4      | Noticed a slave
  1915 | D:4      | Reached XP level 6. HP: 38/59 MP: 5/5
  1979 | D:4      | Found a sand-covered staircase.
  1989 | Ossuary  | Entered an ossuary
  1989 | Ossuary  | Noticed a wraith
  1989 | Ossuary  | Noticed a wraith
  1989 | Ossuary  | Noticed a wraith
  2110 | Ossuary  | Noticed a wraith
  2114 | Ossuary  | Killed a wraith
  2114 | Ossuary  | Reached skill level 7 in Unarmed Combat
  2114 | Ossuary  | Reached XP level 7. HP: 64/67 MP: 6/6
  2561 | D:4      | Killed Pikel
  2561 | D:4      | Reached skill level 8 in Unarmed Combat
  2561 | D:4      | Reached XP level 8. HP: 73/79 MP: 7/7
  2595 | D:4      | Found a runed translucent door.
  2596 | D:4      | Noticed xccam's ghost (amateur FoGl)
  2650 | D:4      | Noticed Ijyb
  2702 | D:4      | Killed Ijyb
  2745 | D:4      | Killed xccam's ghost
  3105 | D:5      | Entered Level 5 of the Dungeon
  3154 | D:5      | Reached skill level 5 in Dodging
  3167 | D:5      | Reached skill level 5 in Fighting
  3167 | D:5      | Reached skill level 1 in Throwing
  3221 | D:5      | Found a staircase to the Ecumenical Temple.
  3239 | Temple   | Entered the Ecumenical Temple
  3498 | D:5      | Noticed Eustachio
  3507 | D:5      | Killed Eustachio
  3536 | D:5      | Found an ancient bone altar of Kikubaaqudgha.
  3882 | D:6      | Reached XP level 9. HP: 87/88 MP: 8/8
  4123 | D:6      | Reached skill level 9 in Unarmed Combat
  4477 | D:6      | Noticed Sigmund
  4489 | D:6      | Killed Sigmund
  4640 | D:7      | Found Zorodobu's Antique Weapon Shop.
  4803 | D:7      | Cast into level 1 of the Abyss (kobold)
  4958 | Abyss:1  | Noticed a wretched star
  4972 | Abyss:1  | HP: 2/89 [wretched star/orb of energy (20)]
  4982 | Abyss:1  | Noticed a green very ugly thing
  5010 | Abyss:1  | Noticed an efreet
  5047 | Abyss:1  | Noticed a starcursed mass
  5068 | Abyss:1  | Killed a starcursed mass
  5068 | Abyss:1  | Reached XP level 10. HP: 100/100 MP: 7/7
  5069 | Abyss:1  | Killed a starcursed mass
  5120 | Abyss:1  | Reached skill level 10 in Unarmed Combat
  5150 | Abyss:1  | Noticed a thrashing horror
  5176 | Abyss:1  | Noticed a wretched star
  5186 | Abyss:1  | Noticed a daeva
  5200 | Abyss:1  | Noticed a rust devil
  5230 | Abyss:1  | HP: 1/100 [raiju/living lightning (14)]
  5231 | Abyss:1  | Mangled by a raiju

Skill      XL: |  1  2  3  4  5  6  7  8  9 10 |
---------------+-------------------------------+-----
Unarmed Combat | 4 5 6 7 8 9 10 | 10.0
Fighting       | 3 4 5 6 |  6.7
Dodging        | 3 4 5 6 |  6.7
Throwing       | 2 4 |  4.8
Stealth        | |  1.0

Action                   |  1- 3 |  4- 6 |  7- 9 | 10-12 || total
-------------------------+-------+-------+-------+-------++-------
Melee: Unarmed           |    91 |    97 |   302 |    14 ||   504
       Punch             |     2 |     2 |    13 |       ||    17
  Use: Scroll            |       |     6 |     7 |       ||    13
       Potion            |       |     1 |     3 |     1 ||     5
 Stab: Sleeping          |     3 |     1 |     2 |       ||     6
       Distracted        |     1 |       |     1 |       ||     2
       Invisible         |       |       |     1 |       ||     1
  Eat: Chunk             |    11 |     9 |    30 |       ||    50
       Ration            |       |       |     1 |       ||     1
Armor: Robe              |    35 |    40 |    79 |       ||   154
       Skin              |       |     3 |       |       ||     3
Dodge: Dodged            |    36 |    47 |   172 |    11 ||   266
